 Seeded DCSS version 0.28.0-49-g6dfe1f597d (webtiles) character file.

Game seed: 523019199727972820 (custom seed)

277 thiscave3701365 the Chopper (level 6, 0/53 HPs)
             Began as a Minotaur Berserker on May 11, 2022.
             Was a Believer of Trog.
             Slain by an orc wizard
             ... wielding a +0 dagger
              (2 damage)
             ... on level 4 of the Dungeon.
             The game lasted 00:02:05 (3804 turns).

thiscave3701365 the Chopper (Minotaur Berserker)    Turns: 3804, Time: 00:02:05

Health: 0/53       AC:  2    Str: 24    XL:     6   Next: 4%
Magic:  5/5        EV: 12    Int:  4    God:    Trog [**....]
Gold:   130        SH:  0    Dex:  9    Spells: 5/5 levels left

rFire   . . .      SeeInvis .   a - +0 hand axe
rCold   . . .      Faith    .   (no shield)
rNeg    . . .      Spirit   .   b - +0 animal skin
rPois   .          Reflect  .   (helmet restricted)
rElec   .          Harm     .   (no cloak)
rCorr   .          Rampage  .   (no gloves)
Will    .....                   (no boots)
Stlth   +.........              (no amulet)
HPRegen 0.17/turn               (no ring)
MPRegen 0.09/turn               (no ring)

@: on berserk cooldown, slowed, very slow
A: horns 2, retaliatory headbutt
a: Renounce Religion, Berserk, Trog's Hand


You were on level 4 of the Dungeon.
You worshipped Trog.
Trog was pleased with you.
You visited 1 branch of the dungeon, and saw 4 of its levels.

You collected 130 gold pieces.

Inventory:

Hand Weapons
 a - a +0 hand axe (weapon)
Missiles
 i - 2 throwing nets
Armour
 b - a +0 animal skin (worn)
Jewellery
 h - an amulet of faith
 j - a ring of poison resistance
 r - an amulet of guardian spirit
Scrolls
 c - 2 scrolls of fog {unknown}
 e - 4 scrolls of teleportation {unknown}
 k - a scroll of identify {unknown}
 l - a scroll of amnesia {unknown}
 m - a scroll of fear {unknown}
 n - a scroll of blinking {unknown}
 o - 2 scrolls of vulnerability {unknown}
Potions
 d - a potion of curing {unknown}
 f - a potion of berserk rage {unknown}
 g - a potion of resistance {unknown}
 p - a potion of invisibility {unknown}
 q - a potion of might {unknown}


   Skills:
 - Level 4.6 Fighting
 + Level 7.0 Axes
 - Level 2.6 Armour
 - Level 2.8 Dodging
 - Level 0.9 Stealth


You had 5 spell levels left.
You didn't know any spells.
Your spell library was empty.

Dungeon Overview and Level Annotations

Branches:
Dungeon (4/15)
 Temple: D:4-7

Altars:
Ashenzari

Annotations:
D:3 3 runed translucent doors, Holdthepickle's ghost, amateur TrHu


Innate Abilities, Weirdness & Mutations

You have a pair of horns on your head.
You reflexively headbutt those who attack you in melee.


Message History

The orc wizard is moderately wounded.
You barely miss the orc. The orc hits you with a +0 short sword.
An orc wizard comes into view. It is wielding a +0 dagger.
The orc wizard barely misses you. The orc hits you with a +0 short sword.
You miss the orc wizard.
The orc wizard is moderately wounded.
You hit the orc.
The orc wizard hits you with a +0 dagger.
The orc hits you with a +0 short sword.
You slash the orc wizard!
The orc wizard is severely wounded.
You hit the orc.
The orc wizard hits you with a +0 dagger.
The orc hits you with a +0 short sword.
* * * LOW HITPOINT WARNING * * *
The orc wizard mumbles some strange words.
The orc wizard flickers and vanishes!
Deactivating autopickup; reactivate with Ctrl-A.
The orc wizard hits you with a +0 dagger.
* * * LOW HITPOINT WARNING * * *
The orc closely misses you.
You slash the orc wizard!
You kill the orc wizard!
Trog accepts your kill.
Trog appreciates your killing of a magic user.
You hit the orc.
You kill the orc!
Trog accepts your kill.
Your Axes skill increases to level 7!
You have reached level 6!
You start resting.
You hear some strange, mumbled words.
A puff of flame appears from out of thin air!
The puff of flame hits you!
* * * LOW HITPOINT WARNING * * *
There is a strange disturbance nearby!
You slash something! Something hits you.
* * * LOW HITPOINT WARNING * * *
You hit something. Something hits you.
You die...

.##### .#
.############
.............
.....#### #.# ####.#
#.####### #### ##.##
##.##.#..#.....
#...# #..>.........#
#...# #......@)#
#...# #.###..#{#
#...# #...##'#..#
###...####...#..#..#
.............#..#..#
.......#######..#...
.......#... #.)#..##
###...##.$. ##).####
#...# #..##8..8##..#


There were no monsters in sight!

Vanquished Creatures
  A phantom (D:4)
  A howler monkey (D:4)
  An orc priest (D:4)
  An orc wizard (D:4)
  A gnoll (D:1)
  3 adders
  An adder skeleton (D:4)
  2 worms
  3 orcs (D:4)
  8 endoplasms
  3 giant cockroaches
  3 goblins
  5 hobgoblins
  4 quokkas
  5 ball pythons
  6 bats
  A frilled lizard (D:1)
  7 kobolds
  8 rats
64 creatures vanquished.

Notes
Turn   | Place    | Note
-------+----------+-------------------------------------------
     0 | D:1      | thiscave3701365 the Minotaur Berserker began the quest for
                  | the Orb.
     0 | D:1      | Reached XP level 1. HP: 19/19 MP: 0/0
   307 | D:1      | Reached skill level 4 in Axes
   307 | D:1      | Reached XP level 2. HP: 26/27 MP: 1/1
   842 | D:1      | Found a faded altar of an unknown god.
  1337 | D:2      | Reached XP level 3. HP: 30/33 MP: 2/2
  1658 | D:2      | Found a broken altar of Ashenzari.
  2751 | D:3      | Reached XP level 4. HP: 31/41 MP: 3/3
  2855 | D:3      | Reached ** piety under Trog
  2934 | D:3      | Found a runed translucent gate.
  2960 | D:3      | Found a runed translucent gate.
  2960 | D:3      | Found a runed translucent gate.
  2993 | D:3      | Noticed Holdthepickle's ghost (amateur TrHu)
  3654 | D:4      | Noticed a phantom
  3657 | D:4      | Reached skill level 5 in Axes
  3657 | D:4      | Reached XP level 5. HP: 35/47 MP: 4/4
  3661 | D:4      | Killed a phantom
  3662 | D:4      | Reached skill level 6 in Axes
  3802 | D:4      | Reached skill level 7 in Axes
  3802 | D:4      | Reached XP level 6. HP: 14/53 MP: 5/5
  3803 | D:4      | HP: 2/53 [something (3)]
  3804 | D:4      | Slain by an orc wizard

Illustrated notes

Levels and vault maps discovered:
D:1:      minmay_arrival_floating_metal, layout_loops_corners,
          shapermc_ecumenical_altar_notcrosses, minivault_11
D:2:      layout_basic, basic_altar
D:3:      layout_basic, gammafunk_ghost_icy
D:4:      minmay_chambers_of_twos, layout_loops_cross,
          minmay_temple_entry_fiery, minmay_fractal_squares_5, uniq_ijyb

Skill      XL: |  1  2  3  4  5 |
---------------+----------------+-----
Axes           | 4 5 7 |  7.0
Fighting       | 4 |  4.6
Armour         | |  2.6
Dodging        | |  2.8
Stealth        | |  0.9

Action                   |  1- 3 |  4- 6 || total
-------------------------+-------+-------++-------
Melee: Hand axe          |    77 |    50 ||   127
       Headbutt          |    11 |     8 ||    19
       Punch             |     1 |       ||     1
Invok: Berserk           |     2 |     3 ||     5
Armor: Animal skin       |    10 |     5 ||    15
Dodge: Dodged            |    40 |    32 ||    72
